 Dungeon Crawl Stone Soup version 0.20-a0-522-g0b37eee (webtiles) character file.

3304 PrrrPrrrPrrr the Thaumaturge (level 10, -2/54 HPs)
             Began as a Gargoyle Earth Elementalist on Jan 26, 2017.
             Slain by a yak (4 damage)
             ... on level 7 of the Dungeon.
             The game lasted 00:22:51 (8708 turns).

PrrrPrrrPrrr the Thaumaturge (GrEE)                 Turns: 8708, Time: 00:22:52

Health: -2/54      AC: 13    Str: 12    XL:     10   Next: 1%
Magic:  4/22       EV: 12    Int: 19    God:
Gold:   398        SH:  0    Dex: 10    Spells: 17/26 levels left

rFire    . . .     SeeInvis .   i - +1 mace (crush)
rCold    + + .     Gourm    .   B - +0 robe {rC+}
rNeg     + . .     Faith    .   (no shield)
rPois    ∞         Spirit   .   j - +1 helmet
rElec    +         Reflect  .   (no cloak)
rCorr    +         Harm     .   r - +0 pair of gloves
MR       +....                  a - +0 pair of boots
Stlth    +++.......             (no amulet)
Regen    0.2/turn               f - ring of resist corrosion
                                t - ring of stealth

@: exhausted, about to teleport, slowed, very slow
A: cold resistance 1, magic resistance 1, mutation resistance 1, negative energy
resistance 1, electricity resistance, unbreathing, petrification resistance, rot
immunity, AC +7
a: no special abilities


You were on level 7 of the Dungeon.
You were hungry.

You visited 1 branch of the dungeon, and saw 7 of its levels.

You collected 398 gold pieces.

Inventory:

Hand Weapons
 i - a +1 mace of crushing (weapon)
 u - a +1 flail
 w - a +2 whip of flaming
 C - a +0 flail of protection
Missiles
 b - 143 stones (quivered)
Armour
 a - a +0 pair of boots (worn)
 g - a +2 animal skin
 j - a +1 helmet (worn)
 q - a cursed -1 robe
 r - a +0 pair of gloves (worn)
 z - a +0 shield
 B - a +0 robe of cold resistance (worn)
Jewellery
 f - a ring of resist corrosion (right hand)
 t - a ring of stealth (left hand)
 y - an uncursed ring of stealth
Wands
 o - a wand of confusion (29/48)
 s - a wand of confusion (18/48)
 E - a wand of lightning (5/15)
Scrolls
 v - 2 scrolls of teleportation
Potions
 h - 2 potions of curing
 k - a potion of might {unknown}
 l - 2 potions of flight
 m - a potion of berserk rage
 n - a potion of brilliance {unknown}
 p - 2 potions of lignification {unknown}
 A - 3 potions of heal wounds {unknown}
 F - a potion of resistance {unknown}
Books
 e - a book of Geomancy

   Spells                             Type                      Level
   a - Sandblast                      Earth                        1
   b - Passwall                       Transmutation/Earth          2
   c - Stone Arrow                    Conjuration/Earth            3
   d - Petrify                        Transmutation/Earth          4
   e - Lee's Rapid Deconstruction     Earth                        5
Comestibles
 d - 10 bread rations
 x - 3 meat rations


   Skills:
 + Level 2.5 Fighting
 + Level 1.9 Maces & Flails
 + Level 2.5 Armour
 + Level 2.5 Dodging
 - Level 2.1 Stealth
 + Level 2.1 Shields
 * Level 8.6 Spellcasting
 + Level 6.4 Conjurations
   Level 0.7 Transmutations
 + Level 8.4 Earth Magic


You had 17 spell levels left.
You knew the following spells:

 Your Spells              Type           Power        Failure   Level  Hunger
a - Sandblast             Erth           #####.       1%          1    None
b - Stone Arrow           Conj/Erth      #####.       1%          3    None
c - Lee's Rapid Deconstr  Erth           #####.....   10%         5    #####..


Dungeon Overview and Level Annotations

Branches:
Dungeon (7/15)
 Temple: D:4-7

Altars:
Nemelex Xobeh

Shops:
D:6 [


Innate Abilities, Weirdness & Mutations

You are resistant to torment.
Your stone body is resilient. (AC +7)
You are immune to poison.
You resist negative energy. (rN+)
You are resistant to electric shocks. (rElec)
You can survive without breathing.
You are immune to petrification.
You are immune to rotting.
Your flesh is cold resistant. (rC+)
You are resistant to hostile enchantments. (MR+)
You are somewhat resistant to further mutation.


Message History

You have reached level 10!
You feel a strong urge to attack something.
There is an open door here.
You are no longer berserk.
You pass out from exhaustion.
You feel yourself slow down. The yak gores you! The yak completely misses you.
You can move again.
The yak gores you!
* * * LOW HITPOINT WARNING * * *
The yak gores you but does no damage. The yak gores you!
* * * LOW HITPOINT WARNING * * *
The yak gores you but does no damage.
As you read the scroll of teleportation, it crumbles to dust.
You feel strangely unstable. The yak gores you.
* * * LOW HITPOINT WARNING * * *
The yak gores you.
You die...

###### #....# ##########
#....####
##########.Y......###....#...
.....))..'YY@.....+......#.##
.$.#######.Y......####'###.##
+....[....................
####################.##.##
#.##.## #.##.#. #....#.
##..###. #....##.


You could see 4 yaks.

Vanquished Creatures
  Pikel (D:5)
  Joseph (D:7)
  A troll (D:7)
  Prince Ribbit (D:5)
  A hungry ghost (D:4)
  2 yaks (D:7)
  Duvessa (D:5)
  2 ice beasts
  An orc warrior (D:7)
  3 ogres
  Dowan (D:5)
  3 wights (D:6)
  2 howler monkeys
  4 hounds
  A jelly (D:6)
  6 orc wizards
  3 orc priests
  A bullfrog skeleton (D:6)
  An iguana (D:6)
  4 worker ants
  Robin (D:2)
  3 gnolls (D:2)
  10 adders
  An ooze (D:4)
  An adder skeleton (D:4)
  2 worms
  5 dart slugs
  4 leopard geckos
  24 orcs
  7 bats
  9 giant cockroaches
  13 goblins
  7 hobgoblins
  7 jackals
  9 kobolds
  2 quokkas
  6 frilled lizards
  A leopard gecko zombie (D:5)
  6 rats
158 creatures vanquished.

Vanquished Creatures (others)
  A gnoll shaman (D:5)
  A jelly (D:5)
2 creatures vanquished.

Grand Total: 160 creatures vanquished

Notes
Turn   | Place    | Note
-------+----------+-------------------------------------------
     0 | D:1      | PrrrPrrrPrrr the Gargoyle Earth Elementalist began the quest for the Orb.
     0 | D:1      | Reached XP level 1. HP: 10/10 MP: 3/3
    82 | D:1      | Reached XP level 2. HP: 15/15 MP: 0/5
   171 | D:1      | Found a sparkling altar of Nemelex Xobeh.
   599 | D:1      | Reached XP level 3. HP: 19/19 MP: 7/7
   604 | D:1      | Learned a level 3 spell: Stone Arrow
  1205 | D:2      | Reached XP level 4. HP: 18/24 MP: 2/8
  1300 | D:2      | Reached skill level 1 in Conjurations
  1426 | D:2      | Noticed Robin
  1436 | D:2      | Killed Robin
  1769 | D:2      | Reached XP level 5. HP: 13/28 MP: 7/10
  1888 | D:2      | Learned a level 5 spell: Lee's Rapid Deconstruction
  2521 | D:2      | Noticed an ice beast
  2536 | D:2      | Killed an ice beast
  2536 | D:2      | Reached skill level 5 in Earth Magic
  2536 | D:2      | Reached XP level 6. HP: 22/32 MP: 0/12
  3827 | D:4      | Noticed a hungry ghost
  3842 | D:4      | Killed a hungry ghost
  3842 | D:4      | Reached skill level 5 in Spellcasting
  3842 | D:4      | Reached XP level 7. HP: 36/36 MP: 0/14
  5287 | D:5      | Entered Level 5 of the Dungeon
  5287 | D:5      | Noticed Duvessa
  5287 | D:5      | Noticed Dowan
  5383 | D:5      | Killed Duvessa
  5383 | D:5      | Reached XP level 8. HP: 38/41 MP: 10/17
  5386 | D:5      | Killed Dowan
  5581 | D:5      | Noticed Prince Ribbit
  5587 | D:5      | Killed Prince Ribbit
  5842 | D:5      | Reached skill level 5 in Conjurations
  6317 | D:5      | Noticed Pikel
  6332 | D:5      | Killed Pikel
  6695 | D:6      | Reached XP level 9. HP: 45/45 MP: 8/20
  7027 | D:6      | Found Haodgheh's Armour Shoppe.
  8006 | D:7      | Reached skill level 1 in Fighting
  8251 | D:7      | Reached skill level 1 in Armour
  8578 | D:7      | Noticed a troll
  8586 | D:7      | Killed a troll
  8586 | D:7      | Reached skill level 1 in Maces & Flails
  8586 | D:7      | Reached skill level 1 in Shields
  8681 | D:7      | Noticed Joseph
  8687 | D:7      | Gained mutation: You are resistant to hostile enchantments. (MR+) [potion of mutation]
  8687 | D:7      | Gained mutation: Your flesh is cold resistant. (rC+) [potion of mutation]
  8687 | D:7      | Gained mutation: You are somewhat resistant to further mutation. [potion of mutation]
  8698 | D:7      | Killed Joseph
  8698 | D:7      | Reached XP level 10. HP: 47/54 MP: 2/22
  8708 | D:7      | HP: 2/54 [yak (5)]
  8708 | D:7      | Slain by a yak

Vault maps used:
D:1:      dpeg_chamrin_arrival_tetris, nemelex_xobeh_ov_fountains_minmay
D:2:      minmay_crystal_room, uniq_robin
D:4:      first_bread, nrook_mini_vaults
D:5:      kennysheep_generic_room_16, uniq_duvessa, uniq_pikel,
          uniq_prince_ribbit1
D:6:      serial_shops, shop_fountains
D:7:      minmay_temple_entry_junction, uniq_joseph

Skill      XL: |  1  2  3  4  5  6  7  8  9 |
---------------+----------------------------+-----
Earth Magic    | 4 5 6 7 8 |  8.4
Spellcasting   | 3 4 5 6 7 8 |  8.6
Conjurations   | 1 2 3 4 5 6 |  6.4
Fighting       | 2 |  2.5
Armour         | 2 |  2.5
Dodging        | 2 |  2.5
Maces & Flails | 1 |  1.9
Shields        | 2 |  2.1
Stealth        | |  2.1
Transmutations | |  0.7

Action                   |  1- 3 |  4- 6 |  7- 9 | 10-12 || total
-------------------------+-------+-------+-------+-------++-------
Melee: Mace              |    48 |   113 |   164 |       ||   325
 Cast: Sandblast         |    18 |    24 |    28 |       ||    70
       Stone Arrow       |     1 |    11 |    61 |       ||    73
       Lee's Rapid Decon |       |       |     5 |       ||     5
  Use: Scroll            |       |     9 |     8 |     1 ||    18
       Potion            |       |     1 |     3 |       ||     4
 Stab: Sleeping          |       |     1 |     6 |       ||     7
       Distracted        |       |       |     1 |       ||     1
  Eat: Chunk             |     1 |     7 |     6 |       ||    14
       Royal jelly       |       |     1 |     6 |       ||     7
Armor: Robe              |    24 |    15 |    56 |     2 ||    97
       Animal skin       |       |    29 |    50 |       ||    79
Dodge: Dodged            |    52 |   115 |   152 |     1 ||   320
